| TOP OF THE 1ST |
|
Binghamton Mets batting - Pitching for Kane County Cougars : RHP Alex Andrade
|
|
Pitching: RHP Alex Andrade
|
|
|
Batting: RHB Oscar Bravo
|
0-0: Ball 1-0: Bunt for hit to 5S - play at first, batter OUT! 5-3
|
|
Batting: RHB Jack Nickleberry
|
0-0: Ball 1-0: Called Strike 1-1: DOUBLE (Line Drive, 7LS, EV 96.9 MPH)
|
|
Batting: RHB Jose Lara
|
0-0: Ball 1-0: Ball 2-0: Ball 3-0: Called Strike 3-1: SINGLE (Groundball, 34D, EV 98.1 MPH) Jack Nickleberry to third Runner from 3rd tries for Home, throw by RF and OUT! 9-2
|
|
Batting: SHB Masatoshi Akahoshi
|
0-0: Foul Ball, location: 2F 0-1: Ball 1-1: Fly out, F7 (Flyball, 78S, EV 75.0 MPH)
|
| Top of the 1st over - 0 runs, 2 hits, 0 errors, 1 left on base; Binghamton 0 - Kane County 0 |
| BOTTOM OF THE 1ST |
|
Kane County Cougars batting - Pitching for Binghamton Mets : RHP Francis Cornick
|
|
Pitching: RHP Francis Cornick
|
|
|
Batting: RHB Ernesto Zamora
|
0-0: Fly out, F7 (Line Drive, 78D, EV 91.2 MPH)
|
|
Batting: RHB Paul Schreiber
|
0-0: Ball 1-0: Foul Ball, location: 2F 1-1: Swinging Strike 1-2: Ball 2-2: Ground out 6-3 (Groundball, 6MD, EV 106.9 MPH)
|
|
Batting: SHB Evan Armagost
|
0-0: Foul Ball, location: 2F 0-1: Swinging Strike 0-2: Strikes out looking
|
| Bottom of the 1st over - 0 runs, 0 hits, 0 errors, 0 left on base; Binghamton 0 - Kane County 0 |
| TOP OF THE 2ND |
|
Binghamton Mets batting - Pitching for Kane County Cougars : RHP Alex Andrade
|
|
Batting: RHB Chris Artz
|
0-0: Ball 1-0: Swinging Strike 1-1: Foul Ball, location: 2F 1-2: Foul Ball, location: 2F 1-2: Strikes out looking
|
|
Batting: SHB Alex Cavazos
|
0-0: Called Strike 0-1: Fly out, F8 (Flyball, 8RD, EV 91.2 MPH)
|
|
Batting: SHB Jerry Burrows
|
0-0: Ball 1-0: Foul Ball, location: 2F 1-1: Ball 2-1: Foul Ball, location: 2F 2-2: Strikes out swinging
|
| Top of the 2nd over - 0 runs, 0 hits, 0 errors, 0 left on base; Binghamton 0 - Kane County 0 |
| BOTTOM OF THE 2ND |
|
Kane County Cougars batting - Pitching for Binghamton Mets : RHP Francis Cornick
|
|
Batting: RHB Chad Mendoza
|
0-0: Called Strike 0-1: Ball 1-1: Ball 2-1: Foul Ball, location: 2F 2-2: Ball 3-2: SINGLE (Groundball, 5D, EV 94.4 MPH)
|
|
Batting: RHB Larry Hardman
|
0-0: Ball 1-0: Called Strike 1-1: Reached on error, E6 (Groundball, 6, EV 76.9 MPH) Chad Mendoza to second
|
|
Batting: LHB Jeff Harmon
|
0-0: Ball 1-0: Swinging Strike 1-1: Called Strike 1-2: Strikes out looking
|
|
Batting: RHB Sergio Manzanero
|
0-0: Ball 1-0: Foul Ball, location: 2F 1-1: Fielders Choice at 2nd, 5-4 (Groundball, 5, EV 86.2 MPH) Chad Mendoza to third
|
|
Batting: LHB Enrique Ponce
|
0-0: Ball 1-0: Called Strike 1-1: DOUBLE (Line Drive, 7LM, EV 106.9 MPH) Chad Mendoza scores Sergio Manzanero to third
|
|
Batting: LHB Omar Marquez
|
0-0: Called Strike 0-1: SINGLE (Groundball, 6M, EV 104.4 MPH) Sergio Manzanero scores Enrique Ponce to third Runner from 3rd tries for Home, throw by CF and OUT! 8-2
|
| Bottom of the 2nd over - 2 runs, 3 hits, 1 error, 1 left on base; Binghamton 0 - Kane County 2 |
| TOP OF THE 3RD |
|
Binghamton Mets batting - Pitching for Kane County Cougars : RHP Alex Andrade
|
|
Batting: SHB Keith Casner
|
0-0: Ground out 4-3 (Groundball, 4, EV 86.2 MPH)
|
|
Batting: RHB Jim Freels
|
0-0: Called Strike 0-1: Called Strike 0-2: Ball 1-2: Ball 2-2: Foul Ball, location: 2F 2-2: Ball 3-2: Base on Balls
|
|
Batting: RHB Oscar Bravo
|
0-0: Swinging Strike 0-1: Called Strike 0-2: Ball Jim Freels steals 2nd, throwing error, E2 Jim Freels to third 1-2: Ball 2-2: Ball 3-2: Strikes out looking
|
|
Batting: RHB Jack Nickleberry
|
0-0: Ball 1-0: Foul Ball, location: 2F 1-1: Ground out 5-3 (Groundball, 56, EV 92.5 MPH)
|
| Top of the 3rd over - 0 runs, 0 hits, 1 error, 1 left on base; Binghamton 0 - Kane County 2 |
| BOTTOM OF THE 3RD |
|
Kane County Cougars batting - Pitching for Binghamton Mets : RHP Francis Cornick
|
|
Batting: RHB Ernesto Zamora
|
0-0: Ball 1-0: Ball 2-0: Ball 3-0: Base on Balls
|
|
Batting: RHB Paul Schreiber
|
0-0: Foul Ball, location: 2F 0-1: Ball 1-1: Grounds into double play, 5-4-3 (Groundball, 56S, EV 93.8 MPH)
|
|
Batting: SHB Evan Armagost
|
0-0: SINGLE (Flyball, 34D, EV 86.2 MPH)
|
|
Batting: RHB Chad Mendoza
|
0-0: Called Strike Evan Armagost is caught stealing 2nd base 2-4
|
| Bottom of the 3rd over - 0 runs, 1 hit, 0 errors, 0 left on base; Binghamton 0 - Kane County 2 |
| TOP OF THE 4TH |
|
Binghamton Mets batting - Pitching for Kane County Cougars : RHP Alex Andrade
|
|
Batting: RHB Jose Lara
|
0-0: Ball 1-0: Called Strike 1-1: Foul Ball, location: 2F 1-2: Ball 2-2: Foul Ball, location: 2F 2-2: Foul Ball, location: 2F 2-2: Strikes out swinging
|
|
Batting: SHB Masatoshi Akahoshi
|
0-0: Ball 1-0: Ball 2-0: Ball 3-0: Base on Balls
|
|
Batting: RHB Chris Artz
|
0-0: Called Strike 0-1: Called Strike 0-2: Foul Ball, location: 2F 0-2: Ball 1-2: Ball 2-2: Strikes out looking
|
|
Batting: SHB Alex Cavazos
|
Pickoff Throw to First - Out! 1-3
|
| Top of the 4th over - 0 runs, 0 hits, 0 errors, 0 left on base; Binghamton 0 - Kane County 2 |
| BOTTOM OF THE 4TH |
|
Kane County Cougars batting - Pitching for Binghamton Mets : RHP Francis Cornick
|
|
Batting: RHB Chad Mendoza
|
0-0: Ball 1-0: Called Strike 1-1: Foul Ball, location: 2F 1-2: Foul Ball, location: 2F 1-2: Foul Ball, location: 2F 1-2: SINGLE (Flyball, 8RS, EV 92.5 MPH)
|
|
Batting: RHB Larry Hardman
|
0-0: Called Strike 0-1: Ball 1-1: Swinging Strike 1-2: Ball 2-2: Foul Ball, location: 2F 2-2: Strikes out swinging
|
|
Batting: LHB Jeff Harmon
|
0-0: Ball Chad Mendoza steals 2nd, throwing error, E2 Chad Mendoza to third 1-0: Called Strike 1-1: Ball 2-1: Called Strike 2-2: Ball 3-2: Strikes out swinging
|
|
Batting: RHB Sergio Manzanero
|
0-0: Ball 1-0: Called Strike 1-1: Called Strike 1-2: Ball 2-2: Foul Ball, location: 2F 2-2: Ball 3-2: Foul Ball, location: 2F 3-2: Foul Ball, location: 2F 3-2: Foul Ball, location: 2F 3-2: Reached on error, E8 (Flyball, 8LXD, EV 86.2 MPH) Chad Mendoza scores
|
|
Batting: LHB Enrique Ponce
|
0-0: Ball Balk! Sergio Manzanero to third 1-0: Foul Ball, location: 2F 1-1: Foul Ball, location: 2F 1-2: Ball 2-2: Foul Ball, location: 2F 2-2: Foul Ball, location: 2F 2-2: Ball 3-2: Base on Balls
|
|
Batting: LHB Omar Marquez
|
0-0: Called Strike 0-1: Foul Ball, location: 2F 0-2: DOUBLE (Line Drive, 8LD, EV 100.6 MPH) Sergio Manzanero scores Enrique Ponce to third
|
|
Batting: RHB Ernesto Zamora
|
0-0: Ground out 4-3 (Groundball, 4, EV 88.1 MPH)
|
| Bottom of the 4th over - 2 runs, 2 hits, 2 errors, 2 left on base; Binghamton 0 - Kane County 4 |
| TOP OF THE 5TH |
|
Binghamton Mets batting - Pitching for Kane County Cougars : RHP Alex Andrade
|
|
Batting: SHB Alex Cavazos
|
0-0: Ground out U3 (Groundball, 13, EV 84.4 MPH)
|
|
Batting: SHB Jerry Burrows
|
0-0: Foul Ball, location: 2F 0-1: Ball 1-1: Called Strike 1-2: Strikes out swinging
|
|
Batting: SHB Keith Casner
|
0-0: Called Strike 0-1: Fly out, F8 (Flyball, 8RS, EV 90.6 MPH)
|
| Top of the 5th over - 0 runs, 0 hits, 0 errors, 0 left on base; Binghamton 0 - Kane County 4 |
| BOTTOM OF THE 5TH |
|
Kane County Cougars batting - Pitching for Binghamton Mets : RHP Francis Cornick
|
|
Batting: RHB Paul Schreiber
|
0-0: Called Strike 0-1: Swinging Strike 0-2: Ball 1-2: Ball 2-2: Ground out 6-3 (Groundball, 6S, EV 88.1 MPH)
|
|
Batting: SHB Evan Armagost
|
0-0: Ground out 6-3 (Groundball, 56, EV 87.5 MPH)
|
|
Batting: RHB Chad Mendoza
|
0-0: Foul Ball, location: 2F 0-1: SINGLE (Groundball, 56D, EV 95.6 MPH)
|
|
Batting: RHB Larry Hardman
|
0-0: Ball Wild Pitch! Chad Mendoza to second 1-0: Foul Ball, location: 2F 1-1: Ball 2-1: Ball 3-1: DOUBLE (Flyball, 8RD, EV 106.9 MPH) Chad Mendoza scores
|
|
Pitching: RHP Felipe Hinojosa
|
|
|
Batting: LHB Jeff Harmon
|
0-0: Called Strike 0-1: Ball 1-1: Swinging Strike 1-2: Ball 2-2: Foul Ball, location: 2F 2-2: Strikes out looking and he physically ARGUES THE CALL AND IS TOSSED!
|
| Bottom of the 5th over - 1 run, 2 hits, 0 errors, 1 left on base; Binghamton 0 - Kane County 5 |
| TOP OF THE 6TH |
|
Binghamton Mets batting - Pitching for Kane County Cougars : RHP Alex Andrade
|
|
Now at C: Tae-geun Kwang
|
|
|
Batting: RHB Jim Freels
|
0-0: Called Strike 0-1: Ball 1-1: Ball 2-1: Foul Ball, location: 2F 2-2: Fly out, F8 (Flyball, 89M, EV 91.9 MPH)
|
|
Batting: RHB Oscar Bravo
|
0-0: Swinging Strike 0-1: Ball 1-1: Foul Ball, location: 2F 1-2: Ground out 6-3 (Groundball, 6, EV 100.6 MPH)
|
|
Batting: RHB Jack Nickleberry
|
0-0: Fly out, F8 (Flyball, 78M, EV 75.6 MPH)
|
| Top of the 6th over - 0 runs, 0 hits, 0 errors, 0 left on base; Binghamton 0 - Kane County 5 |
| BOTTOM OF THE 6TH |
|
Kane County Cougars batting - Pitching for Binghamton Mets : RHP Felipe Hinojosa
|
|
Batting: RHB Sergio Manzanero
|
0-0: Ball 1-0: Foul Ball, location: 2F 1-1: Fly out, F9 (Flyball, 9S, EV 82.5 MPH)
|
|
Batting: LHB Enrique Ponce
|
0-0: Ground out 3-1 (Groundball, 34S, EV 84.4 MPH)
|
|
Batting: LHB Omar Marquez
|
0-0: Ball 1-0: Foul Ball, location: 2F 1-1: Foul Ball, location: 2F 1-2: Ball 2-2: Strikes out looking
|
| Bottom of the 6th over - 0 runs, 0 hits, 0 errors, 0 left on base; Binghamton 0 - Kane County 5 |
| TOP OF THE 7TH |
|
Binghamton Mets batting - Pitching for Kane County Cougars : RHP Alex Andrade
|
|
Batting: RHB Jose Lara
|
0-0: Ball 1-0: Fly out, F9 (Line Drive, 9S, EV 111.2 MPH)
|
|
Batting: SHB Masatoshi Akahoshi
|
0-0: Ball 1-0: Ground out U3 (Groundball, 3, EV 103.1 MPH)
|
|
Batting: RHB Chris Artz
|
0-0: Called Strike 0-1: Ball 1-1: SINGLE (Groundball, 25, EV 70.0 MPH) (infield hit)
|
|
Batting: SHB Alex Cavazos
|
0-0: Called Strike 0-1: Foul Ball, location: 2F 0-2: SINGLE (Groundball, 15S, EV 70.6 MPH) (infield hit) Chris Artz to second
|
|
Batting: SHB Jerry Burrows
|
0-0: Called Strike 0-1: Ball 1-1: Called Strike 1-2: Ball Passed Ball! Chris Artz to third Alex Cavazos to second 2-2: Foul Ball, location: 2F 2-2: Foul Ball, location: 2F 2-2: Foul Ball, location: 2F 2-2: Ball 3-2: Fly out, F4 (Popup, 4MD, EV 75.0 MPH)
|
| Top of the 7th over - 0 runs, 2 hits, 0 errors, 2 left on base; Binghamton 0 - Kane County 5 |
| BOTTOM OF THE 7TH |
|
Kane County Cougars batting - Pitching for Binghamton Mets : RHP Felipe Hinojosa
|
|
Batting: RHB Ernesto Zamora
|
0-0: Ball 1-0: Foul Ball, location: 2F 1-1: Called Strike 1-2: Strikes out swinging
|
|
Batting: RHB Paul Schreiber
|
0-0: Called Strike 0-1: Ball 1-1: Ball 2-1: Swinging Strike 2-2: Ball 3-2: Ground out 6-3 (Groundball, 6S, EV 79.4 MPH)
|
|
Batting: SHB Evan Armagost
|
0-0: Called Strike 0-1: Ball 1-1: Ball 2-1: Foul Ball, location: 2F 2-2: DOUBLE (Flyball, 89XD, EV 101.9 MPH)
|
|
Batting: RHB Chad Mendoza
|
0-0: Called Strike 0-1: Ground out 5-3 (Groundball, 56S, EV 85.6 MPH)
|
| Bottom of the 7th over - 0 runs, 1 hit, 0 errors, 1 left on base; Binghamton 0 - Kane County 5 |
| TOP OF THE 8TH |
|
Binghamton Mets batting - Pitching for Kane County Cougars : RHP Alex Andrade
|
|
Pitching: RHP Shigezo Shoji
|
|
|
Batting: SHB Keith Casner
|
0-0: Swinging Strike 0-1: Ball 1-1: Called Strike 1-2: Strikes out swinging
|
|
Batting: RHB Jim Freels
|
0-0: Called Strike 0-1: Ball 1-1: Ground out 6-3 (Groundball, 6, EV 104.4 MPH)
|
|
Batting: RHB Oscar Bravo
|
0-0: Swinging Strike 0-1: Swinging Strike 0-2: Strikes out swinging
|
| Top of the 8th over - 0 runs, 0 hits, 0 errors, 0 left on base; Binghamton 0 - Kane County 5 |
| BOTTOM OF THE 8TH |
|
Kane County Cougars batting - Pitching for Binghamton Mets : RHP Felipe Hinojosa
|
|
Batting: RHB Larry Hardman
|
0-0: Foul Ball, location: 2F 0-1: Ball 1-1: SINGLE (Flyball, 78S, EV 98.1 MPH)
|
|
Batting: LHB Tae-geun Kwang
|
0-0: Ball Larry Hardman steals 2nd base 1-0: Foul Ball, location: 2F 1-1: Foul Ball, location: 2F 1-2: Foul Ball, location: 2F 1-2: Strikes out swinging
|
|
Batting: RHB Sergio Manzanero
|
0-0: Ball 1-0: Ball 2-0: Foul Ball, location: 2F 2-1: Foul Ball, location: 2F 2-2: Ball 3-2: 2-RUN HOME RUN (Flyball, 9LD, EV 95.0 MPH), Distance : 358 ft
|
|
Batting: LHB Enrique Ponce
|
0-0: Ground out U3 (Groundball, 13, EV 84.4 MPH)
|
|
Batting: LHB Omar Marquez
|
0-0: Foul Ball, location: 2F 0-1: Ball 1-1: Ball 2-1: Called Strike 2-2: Ball 3-2: Strikes out swinging
|
| Bottom of the 8th over - 2 runs, 2 hits, 0 errors, 0 left on base; Binghamton 0 - Kane County 7 |
| TOP OF THE 9TH |
|
Binghamton Mets batting - Pitching for Kane County Cougars : RHP Shigezo Shoji
|
|
Batting: RHB Jack Nickleberry
|
0-0: Ball 1-0: Swinging Strike 1-1: Fly out, F8 (Flyball, 8LM, EV 87.5 MPH)
|
|
Batting: RHB Jose Lara
|
0-0: Foul Ball, location: 2F 0-1: Ball 1-1: Ball 2-1: SINGLE (Groundball, 4, EV 96.2 MPH)
|
|
Batting: SHB Masatoshi Akahoshi
|
0-0: Ball 1-0: Called Strike 1-1: Swinging Strike Passed Ball! Jose Lara to second 1-2: Ball 2-2: Ball 3-2: Strikes out swinging
|
|
Batting: RHB Chris Artz
|
0-0: Ball 1-0: Called Strike 1-1: Swinging Strike Passed Ball! Jose Lara to third 1-2: Foul Ball, location: 2F 1-2: Ball 2-2: Ball 3-2: Foul Ball, location: 2F 3-2: Strikes out looking
|
| Top of the 9th over - 0 runs, 1 hit, 0 errors, 1 left on base; Binghamton 0 - Kane County 7 |
|